 Dungeon Crawl Stone Soup version 0.26-a0-154-g3d63440f56 (webtiles) character file.

Game seed: 11756319466285604745

29842 Flugslaktarn the Frost Mage (level 13, -3/70 HPs)
             Began as a Vine Stalker Ice Elementalist on June 30, 2020.
             Was a High Priest of Makhleb.
             Slain by a meliai
             ... wielding a +0 war axe
              (5 damage)
             ... while paralysed by a hornet
             ... on level 1 of the Lair of Beasts.
             The game lasted 00:34:31 (5327 turns).

Flugslaktarn the Frost Mage (VSIE)                  Turns: 5327, Time: 00:34:32

Health: -3/70      AC: 12    Str:  7    XL:     13   Next: 47%
Magic:  0/33       EV:  2    Int: 19    God:    Makhleb [*****.]
Gold:   367        SH:  0    Dex: 19    Spells: 12/26 levels left

rFire    . . .     SeeInvis .   N - +4 scimitar (flame)
rCold    . . .     Faith    .   (no shield)
rNeg     + . .     Spirit   +   q - +0 troll leather armour
rPois    .         Reflect  .   w - +2 helmet
rElec    .         Harm     .   M - +2 cloak
rCorr    .                      G - +0 pair of gloves
MR       +....                  U - +0 pair of boots
Stlth    ++........             r - amulet "Vierchab" {RegenMP rN+ MP+9 Str-5 Dex+4}
HPRegen  1.41/turn              (no ring)
MPRegen  0.48/turn              (no ring)

@: paralysed, lethally poisoned (-3 -> -4)
A: fangs 3, regeneration 2, magic shield, antimagic bite, no potion heal 3, rot
immunity
a: Minor Destruction, Lesser Servant of Makhleb, Major Destruction, Greater
Servant of Makhleb, Renounce Religion


You were on level 1 of the Lair of Beasts.
You worshipped Makhleb.
Makhleb was extremely pleased with you.
You were very hungry.

You visited 3 branches of the dungeon, and saw 14 of its levels.

You collected 1281 gold pieces.
You spent 914 gold pieces at shops.

Inventory:

Hand Weapons
 b - a +0 short sword
   (You took it off a kobold on level 1 of the Dungeon)
 d - a +0 whip
   (You took it off a kobold on level 1 of the Dungeon)
 l - a +0 war axe
   (You found it on level 3 of the Dungeon)
 N - a +4 scimitar of flaming (weapon)
   (You took it off Erica on level 9 of the Dungeon)
Missiles
 g - 22 poisoned darts (quivered)
 t - 79 arrows
 u - 38 boomerangs
 x - 4 javelins
 H - 2 throwing nets
Armour
 h - a scarf of invisibility
   (You found it on level 3 of the Dungeon)
 j - a +2 robe of magic resistance
   (You found it on level 2 of the Dungeon)
 k - a scarf of repulsion
   (You found it on level 2 of the Dungeon)
 q - a +0 troll leather armour (worn)
   (You found it on level 10 of the Dungeon)
 w - a +2 helmet (worn)
   (You found it on level 4 of the Dungeon)
 G - a +0 pair of gloves (worn)
   (You found it on level 6 of the Dungeon)
 J - a +3 scale mail of fire resistance
   (You took it off Harold on level 8 of the Dungeon)
 M - a +2 cloak (worn)
   (You found it on level 9 of the Dungeon)
 U - a +0 pair of boots (worn)
   (You found it on level 11 of the Dungeon)
Magical Staves
 K - an uncursed staff of energy
   (You found it on level 8 of the Dungeon)
Jewellery
 r - the amulet "Vierchab" (around neck) {RegenMP rN+ MP+9 Str-5 Dex+4}
   (You found it on level 4 of the Dungeon)

   [amulet of magic regeneration]

   It increases your magic regeneration.
   It affects your strength (-5).
   It affects your dexterity (+4).
   It protects you from negative energy.
   It affects your magic capacity (+9).
 Q - an uncursed amulet of magic regeneration {unknown}
   (You found it on level 10 of the Dungeon)
Wands
 O - a wand of paralysis (3)
   (You found it on level 10 of the Dungeon)
Scrolls
 e - a scroll of blinking
 i - a scroll of fear
 v - 2 scrolls of magic mapping
 y - a scroll of amnesia {unknown}
 z - 2 scrolls of vulnerability
 C - a scroll of enchant weapon
 F - a scroll of random uselessness {unknown}
 I - a scroll of fog
 L - 3 scrolls of remove curse
 P - a scroll of torment {unknown}
 S - a scroll of noise {unknown}
Potions
 a - 2 potions of resistance
 f - a potion of brilliance {unknown}
 m - 8 potions of curing
 n - 2 potions of stabbing
 o - 2 potions of mutation
 p - a potion of flight
 A - 2 potions of might
 B - a potion of haste {unknown}
 D - a potion of magic
 E - a potion of invisibility {unknown}
Comestibles
 c - 7 rations


   Skills:
 - Level 9.2 Fighting
 - Level 10.0 Dodging
 - Level 2.4 Stealth
 - Level 10.0 Unarmed Combat
 - Level 7.0 Spellcasting
 - Level 3.0 Summonings
 + Level 2.3 Transmutations
 - Level 10.0 Ice Magic
 + Level 2.3 Earth Magic
 - Level 6.0 Invocations


You had 12 spell levels left.
You knew the following spells:

 Your Spells              Type           Power        Failure   Level  Hunger
a - Freeze                Ice            ####         1%          1    None
b - Frozen Ramparts       Ice            #####.       1%          3    #......
d - Summon Ice Beast      Ice/Summ       ####....     11%         4    ###....
g - Statue Form           Tmut/Erth      ###......    100%        6    ######.

Your spell library contained the following spells:

 Spells                   Type           Power        Failure   Level  Hunger
 Ozocubu's Armour         Chrm/Ice       ####....     6%          3    #......
 Hailstorm                Conj/Ice       ####....     19%         4    ###....
 Confusing Touch          Hex            #.......     41%         3    #......
 Gell's Gravitas          Tloc           #.........   41%         3    #......
 Metabolic Englaciation   Hex/Ice        ####......   47%         5    #####..
 Petrify                  Tmut/Erth      ###.....     50%         4    ###....
 Irradiate                Conj/Tmut      ##........   95%         5    #####..
 Yara's Violent Unravell  Hex/Tmut       ##........   95%         5    #####..
 Hydra Form               Tmut           ###.......   100%        6    ######.
 Dragon Form              Tmut           ###.......   100%        7    #######


Dungeon Overview and Level Annotations

Branches:
Dungeon (11/15)            Temple (0/1) D:6            Lair (1/6) D:11
    Orc (2/2) D:11            Elf (0/3) Orc:2

Altars:
Ashenzari
Dithmenos
Gozag
Makhleb
Nemelex Xobeh
Trog
Zin

Shops:
D:6 **}==   D:11 :   Orc:1 [   Orc:2 ?*[:

Portals:
Pandemonium: Orc:2
Trove: D:11 (give +4 storm dragon scales)

Annotations:
D:11 2 transporters
Lair:1 1 transporter, toffzen's ghost, journeyman OgBe
Orc:1 Jorgrun


Innate Abilities, Weirdness & Mutations

You have razor-sharp teeth.
You heal very quickly.
When hurt, damage is shared between your health and your magic reserves.
Your bite disrupts and absorbs the magic of your enemies.
Potions cannot restore your health.
You are immune to rotting.


Message History

The hornet stings you!
You feel yourself slow down.
The wall freezes toffzen's ghost!
Your ice beast misses toffzen's ghost.
The wall freezes the hornet.
The hornet closely misses you.
The wall freezes toffzen's ghost!
Toffzen's ghost hits you!!
Your ice beast completely misses toffzen's ghost.
You feel yourself speed up.
You feel sick.
The wall freezes the hornet.
The hornet closely misses you.
You riposte.
You slash the hornet! You burn the hornet.
You bite the hornet, but do no damage.
The hornet is almost dead.
The wall freezes toffzen's ghost.
Toffzen's ghost whispers, "Death is liberation."
The wall freezes the meliai.
The meliai hits you with a +0 war axe.
The meliai stings you but does no damage.
Unknown command.
Unknown command.
You hit the meliai but do no damage. You punch the meliai, but do no damage.
Your bite misses the meliai.
The meliai is lightly wounded.
You feel sick.
The wall freezes the meliai.
The meliai misses you.
The meliai stings you but does no damage.
The wall freezes the hornet but do no damage.
The hornet stings you.
You are more poisoned.
You suddenly lose the ability to move!
The wall freezes the meliai.
The meliai hits you with a +0 war axe!
* * * LOW HITPOINT WARNING * * *
The meliai stings you but does no damage.
Your ice beast completely misses toffzen's ghost.
You feel sick.
The wall freezes the meliai.
The meliai hits you with a +0 war axe!
* * * LOW HITPOINT WARNING * * *
The meliai stings you.
* * * LOW HITPOINT WARNING * * *
Something barely misses your ice beast.
Your ice beast hits toffzen's ghost but does no damage.
The wall freezes the meliai.
The meliai hits you but does no damage. The meliai stings you.
* * * LOW HITPOINT WARNING * * *
Something stings your ice beast.
Your ice beast seems to slow down.
The wall freezes toffzen's ghost!
Toffzen's ghost hits you!!
* * * LOW HITPOINT WARNING * * *
The frozen ramparts melt away.
You feel sick.
Your ice beast is no longer moving slowly.
The meliai hits you with a +0 war axe.
* * * LOW HITPOINT WARNING * * *
The meliai stings you.
You die...

#.......# #.......#
#.......# #.......##
######........#####
##.......©.......#.#
##..#############..##
#..#####WY©†.#####..##
#.###.#@#y..#.#.###..#
#.##..#y.###†.#..##.##
##.###...#...#...###.##
#...#####..#..#####...#
#..###.#.#...#...###..#
#..##..#..###.%#..##..#
#..###...#...#.#.###..#
#...#####y?y[(#####...#
#.#..#############....#


You could see a meliai, toffzen's ghost and a friendly ice beast (summoned).

Vanquished Creatures
  A stone giant (Orc:1)
  Josephine (D:11)
  Harold (D:8)
  Erica (D:9)
  A two-headed ogre (D:9)
  5 death yaks
  4 orc high priests (Orc:2)
  A soul eater (Orc:2)
  2 infernal demonspawn (Orc:2)
  3 orc knights (Orc:2)
  An ugly thing (D:11)
  5 orc sorcerers (Orc:2)
  A cyclops (Orc:2)
  2 orange demons (Orc:2)
  A queen bee (Lair:1)
  7 trolls
  2 hornets (D:9)
  2 nameless horrors
  A spriggan (D:7)
  7 yaks (D:11)
  3 wraiths (D:11)
  A warg (Orc:2)
  3 sky beasts
  20 orc warriors
  An ice beast (D:7)
  2 phantoms
  3 ogres
  A crocodile (D:11)
  2 centaurs
  4 bullfrogs
  A scorpion (D:6)
  12 killer bees
  4 howler monkeys
  5 crimson imps
  21 orc priests
  5 hounds
  3 bullfrog skeletons
  3 jellies
  14 orc wizards
  2 centaur skeletons
  Terence (D:2)
  4 iguanas
  6 worker ants
  2 hound skeletons
  A worker ant zombie (D:7)
  4 gnolls (D:5)
  6 adders
  2 shadow imps
  An adder zombie (D:7)
  4 adder skeletons
  3 dart slugs
  4 leopard geckos
  56 orcs
  4 giant cockroaches
  3 goblins
  4 hobgoblins
  7 jackals
  6 kobolds
  2 quokkas
  A ball python (D:1)
  3 bats (D:1)
  2 frilled lizards
  A quokka skeleton (D:6)
  A quokka zombie (D:7)
  5 rats (D:1)
292 creatures vanquished.

Vanquished Creatures (collateral kills)
  A death knight (D:11)
  A two-headed ogre (D:11)
  2 orc high priests (Orc:2)
  A gelid demonspawn (Orc:2)
  4 orc knights
  An orc sorcerer (Orc:2)
  A cyclops (Orc:1)
  An ugly thing (D:10)
  A centaur zombie (D:10)
  A rust devil (Orc:2)
  3 yaks (D:11)
  4 orc warriors
  A hornet zombie (D:9)
  An ogre (Orc:2)
  A crocodile (D:10)
  A killer bee (Lair:1)
  A hound (D:11)
  4 orc priests
  4 orc wizards (Orc:2)
  A shadow imp (D:8)
  8 orcs
43 creatures vanquished.

Vanquished Creatures (others)
  A fungus (Lair:1)
1 creature vanquished.

Grand Total: 336 creatures vanquished

Notes
Turn   | Place    | Note
-------+----------+-------------------------------------------
     0 | D:1      | Flugslaktarn the Vine Stalker Ice Elementalist began the
                  | quest for the Orb.
     0 | D:1      | Reached XP level 1. HP: 9/9 MP: 4/4
   105 | D:1      | Reached XP level 2. HP: 3/13 MP: 1/6
   380 | D:2      | Reached XP level 3. HP: 6/16 MP: 2/8
   385 | D:2      | Learned a level 3 spell: Frozen Ramparts
   489 | D:3      | Found an opulent altar of Gozag.
   752 | D:2      | Noticed an angel
   752 | D:2      | Noticed Terence
   757 | D:2      | Killed Terence
   757 | D:2      | Gained mutation: Your natural rate of healing is unusually
                  | fast. [Vine Stalker growth]
   757 | D:2      | Reached XP level 4. HP: 13/21 MP: 1/10
   758 | D:2      | Found a glowing silver altar of Zin.
   842 | D:3      | Found a burning altar of Makhleb.
   854 | D:3      | Found a shattered altar of Ashenzari.
   871 | D:3      | Became a worshipper of Makhleb the Destroyer
   882 | D:3      | Found a shadowy altar of Dithmenos.
   946 | D:4      | Reached skill level 5 in Ice Magic
   979 | D:4      | Got a bound ivory amulet
  1002 | D:4      | Reached XP level 5. HP: 23/24 MP: 1/12
  1077 | D:4      | Identified the amulet "Vierchab" {RegenMP rN+ MP+9 Str-5
                  | Dex+4} (You found it on level 4 of the Dungeon)
  1165 | D:4      | Learned a level 4 spell: Summon Ice Beast
  1166 | D:4      | Noticed a centaur
  1170 | D:4      | Reached XP level 6. HP: 6/28 MP: 1/13
  1171 | D:4      | Reached skill level 1 in Summonings
  1285 | D:4      | Noticed a phantom
  1311 | D:5      | Entered Level 5 of the Dungeon
  1352 | D:5      | Reached * piety under Makhleb
  1425 | D:5      | Reached XP level 7. HP: 32/32 MP: 12/14
  1541 | D:6      | Found Iwaof's Gadget Boutique.
  1609 | D:6      | Found Fask's Assorted Antiques.
  1617 | D:6      | Bought a scroll labeled KOT DIRHAPS for 26 gold pieces
  1617 | D:6      | Bought a bubbling amethyst potion for 23 gold pieces
  1617 | D:6      | Bought a sapphire potion for 23 gold pieces
  1617 | D:6      | Bought a scroll labeled COSIL ACAPEMO for 26 gold pieces
  1617 | D:6      | Bought a fizzy golden potion for 23 gold pieces
  1617 | D:6      | Bought a murky dark potion for 23 gold pieces
  1635 | D:6      | Found Goenal's General Store.
  1677 | D:6      | Reached skill level 5 in Spellcasting
  1685 | D:6      | Found Anwyc's Jewellery Emporium.
  1842 | D:6      | Found Ceheup's Jewellery Boutique.
  1863 | D:6      | Found a staircase to the Ecumenical Temple.
  2031 | D:7      | Gained mutation: You have razor-sharp teeth. [Vine Stalker
                  | growth]
  2031 | D:7      | Reached XP level 8. HP: 36/36 MP: 16/16
  2045 | D:7      | Noticed a spriggan baker
  2054 | D:7      | Killed a spriggan baker
  2054 | D:7      | Reached skill level 1 in Fighting
  2091 | D:7      | Reached ** piety under Makhleb
  2181 | D:9      | Noticed a two-headed ogre
  2199 | D:9      | Killed a two-headed ogre
  2199 | D:9      | Reached skill level 5 in Dodging
  2199 | D:9      | Reached XP level 9. HP: 10/45 MP: 7/17
  2271 | D:9      | Noticed a hornet
  2276 | D:9      | Killed a hornet
  2281 | D:9      | Reached skill level 1 in Invocations
  2478 | D:7      | Found a bloodstained altar of Trog.
  2534 | D:8      | Noticed Harold
  2563 | D:8      | Reached *** piety under Makhleb
  2614 | D:8      | Killed Harold
  2614 | D:8      | Reached skill level 5 in Fighting
  2614 | D:8      | Reached XP level 10. HP: 32/51 MP: 11/20
  2641 | D:8      | Found a sparkling altar of Nemelex Xobeh.
  3007 | D:9      | Noticed Erica
  3027 | D:9      | Killed Erica
  3027 | D:9      | Reached skill level 10 in Ice Magic
  3027 | D:9      | Reached skill level 1 in Unarmed Combat
  3047 | D:9      | You fall into a shaft and drop 1 floor!
  3047 | D:10     | Entered Level 10 of the Dungeon
  3257 | D:10     | Noticed a red ugly thing
  3271 | D:10     | Killed a red ugly thing
  3382 | D:11     | Found a staircase to the Orcish Mines.
  3392 | Orc:1    | Entered Level 1 of the Orcish Mines
  3392 | Orc:1    | Noticed Josephine
  3398 | D:11     | Reached XP level 11. HP: 56/56 MP: 21/21
  3480 | D:11     | Noticed a death yak
  3482 | D:11     | Found a staircase to the Lair.
  3484 | D:11     | Noticed a death yak
  3487 | D:11     | Noticed a death yak
  3488 | D:11     | Noticed a death knight
  3490 | D:11     | Noticed a death yak
  3490 | D:11     | Noticed a death yak
  3503 | D:11     | Killed a death yak
  3503 | D:11     | Reached skill level 5 in Invocations
  3530 | D:10     | Killed a death yak
  3530 | D:10     | Reached **** piety under Makhleb
  3598 | D:11     | Killed a death knight
  3599 | D:11     | Killed a death yak
  3599 | D:11     | Reached skill level 5 in Unarmed Combat
  3628 | D:10     | Killed a death yak
  3641 | D:11     | Found a transporter.
  3666 | D:11     | Killed a death yak
  3767 | Orc:1    | Noticed a stone giant
  3779 | D:11     | Killed Josephine
  3805 | D:11     | Noticed a glowing orange brain
  3808 | D:11     | Noticed a glowing orange brain
  3855 | D:11     | Noticed a brown ugly thing
  3866 | D:11     | Found a transporter.
  3871 | D:11     | Killed a brown ugly thing
  3879 | D:11     | Noticed a two-headed ogre
  3886 | D:11     | Killed a two-headed ogre
  3909 | D:11     | Gained mutation: You heal very quickly. [Vine Stalker
                  | growth]
  3909 | D:11     | Reached XP level 12. HP: 62/62 MP: 22/22
  3929 | D:11     | Found Vaarui's Book Shoppe.
  3989 | D:11     | Found a portal to a secret trove of treasure.
  4096 | Orc:2    | Entered Level 2 of the Orcish Mines
  4096 | Orc:2    | Noticed an orc high priest
  4138 | Orc:1    | Killed a stone giant
  4176 | Orc:1    | Found Feul's Armour Emporium.
  4240 | Orc:2    | Reached ***** piety under Makhleb
  4405 | Orc:2    | Killed an orc high priest
  4542 | Orc:1    | Noticed Jorgrun
  4641 | Orc:2    | Found Joenge's Magic Scroll Shoppe.
  4643 | Orc:2    | Found Cavuir's General Store.
  4747 | Orc:2    | Noticed an orc high priest
  4754 | Orc:2    | Noticed a soul eater
  4768 | Orc:2    | Killed an orc high priest
  4770 | Orc:2    | Paralysed by an orc sorcerer for 2 turns
  4777 | Orc:2    | Reached skill level 10 in Dodging
  4788 | Orc:2    | Killed a soul eater
  4790 | Orc:2    | Reached XP level 13. HP: 53/68 MP: 10/24
  4907 | Orc:2    | Reached skill level 10 in Unarmed Combat
  5013 | Orc:2    | Found Dunkua Deap's Antique Armour Boutique.
  5013 | Orc:2    | Found a one-way gate leading to the halls of Pandemonium.
  5013 | Orc:2    | Found Tirei's Book Shop.
  5027 | Orc:2    | Bought a book of Transfigurations for 770 gold pieces
  5034 | Orc:2    | Learned a level 6 spell: Statue Form
  5118 | Orc:2    | Found a staircase to the Elven Halls.
  5133 | Orc:2    | Reached skill level 1 in Transmutations
  5133 | Orc:2    | Reached skill level 1 in Earth Magic
  5243 | Lair:1   | Entered Level 1 of the Lair of Beasts
  5243 | Lair:1   | Found a transporter.
  5243 | Lair:1   | Found a transporter.
  5243 | Lair:1   | Noticed toffzen's ghost (journeyman OgBe)
  5325 | Lair:1   | Paralysed by a hornet for 3 turns
  5326 | Lair:1   | HP: 2/70 [toffzen's ghost (13)]
  5327 | Lair:1   | Slain by a meliai

Illustrated notes

Levels and vault maps discovered:
D:1:      psy_arrival_basics, layout_basic
D:2:      layout_loops_corners, zin_angel, grunt_decor_resistance, uniq_natasha,
          uniq_terence
D:3:      layout_loops_ring, minmay_overflow_temple_star_quad,
          ebering_ghost_reflecting_pool, first_ration,
          nicolae_gozag_seed_capital
D:4:      layout_loops_ring, marbit_many_paths
D:5:      layout_basic, chequers_serial_rivers_micro_e
D:6:      layout_basic, temple_statues, serial_shops, shop, nicolae_shop_trees,
          nicolae_shop_competitors_out_of_business, shop_fountains, shop
D:7:      layout_rooms, serial_shops, kennysheep_little_box, the_bakery,
          trog_three_pillars_becter
D:8:      layout_loops_corners, nemelex_xobeh_ov_fountains_minmay,
          minmay_misc_feat_columns, uniq_harold
D:9:      layout_roguey, uniq_erica
D:10:     layout_rooms
D:11:     gammafunk_jiyva_shrine, layout_cave_pools, dpeg_lair_monsters,
          enter_trove_6, serial_shops, shop_fountains
Lair:1:   layout_big_grid, gammafunk_ghost_hive
Orc:1:    layout_caves, serial_shops, shop, uniq_josephine, uniq_jorgrun
Orc:2:    pf_orc_diabolical, layout_caves

Skill      XL: |  1  2  3  4  5  6  7  8  9 10 11 12 13 |
---------------+----------------------------------------+-----
Spellcasting   | 3 4 5 6 7 |  7.0
Ice Magic      | 5 6 7 8 9 10 | 10.0
Summonings     | 2 3 |  3.0
Fighting       | 4 5 6 8 9 |  9.2
Dodging        | 5 6 8 10 | 10.0
Invocations    | 3 4 6 |  6.0
Unarmed Combat | 3 6 8 10 | 10.0
Transmutations | 2 |  2.3
Earth Magic    | 2 |  2.3
Stealth        | |  2.4

Action                   |  1- 3 |  4- 6 |  7- 9 | 10-12 | 13-15 || total
-------------------------+-------+-------+-------+-------+-------++-------
Melee: Short sword       |     5 |       |       |       |       ||     5
       Bite              |     7 |    16 |    40 |   101 |    28 ||   192
       Unarmed           |     1 |       |       |       |       ||     1
       Whip              |    10 |       |       |       |       ||    10
       War axe           |     7 |    52 |   132 |    26 |       ||   217
       Scimitar          |       |       |       |   216 |    71 ||   287
       Staff             |       |       |       |    11 |       ||    11
       Punch             |       |       |       |    11 |     4 ||    15
 Cast: Freeze            |    34 |     7 |    12 |     8 |     1 ||    62
       Frozen Ramparts   |     3 |    16 |    27 |    58 |    19 ||   123
       Summon Ice Beast  |       |       |     7 |    49 |    12 ||    68
Invok: Lesser Servant of |       |       |       |     1 |     5 ||     6
Evoke: Wand              |       |       |       |     2 |       ||     2
  Use: Scroll            |     7 |     2 |     5 |    11 |       ||    25
       Potion            |       |       |     1 |     1 |       ||     2
 Stab: Sleeping          |     2 |     1 |     1 |       |       ||     4
       Distracted        |       |       |     1 |     3 |     1 ||     5
  Eat: Ration            |       |     1 |     2 |     5 |       ||     8
       Chunk             |       |       |       |     2 |     2 ||     4
Armor: Robe              |    12 |    21 |    53 |    16 |       ||   102
       Troll leather arm |       |       |       |    66 |    22 ||    88
Dodge: Dodged            |    39 |    55 |   154 |   322 |   119 ||   689
       Repelled          |       |     1 |       |       |       ||     1
       Rpst.: Scimitar   |       |       |       |    76 |    27 ||   103

Table legend:
 A = Non-vault XP
 B = Vault XP
 C = Vault XP percentage of total XP
 D = Non-vault monster count
 E = Vault monster count
 F = Vault count percentage of total count
                 A         B        C        D         E       F
            +---------+---------+-------+---------+---------+-------
      Total |   18460 |   24172 |  56.7 |     251 |      82 |  24.6
            +---------+---------+-------+---------+---------+-------
        D:1 |      33 |       0 |   0.0 |      19 |       0 |   0.0
        D:2 |       8 |      36 |  81.8 |       4 |       1 |  20.0
        D:3 |      20 |       0 |   0.0 |      11 |       0 |   0.0
        D:4 |     462 |       0 |   0.0 |      22 |       0 |   0.0
        D:5 |      62 |       0 |   0.0 |       6 |       0 |   0.0
        D:6 |     397 |       0 |   0.0 |      17 |       0 |   0.0
        D:7 |     908 |     220 |  19.5 |      22 |       1 |   4.3
        D:8 |     234 |     857 |  78.6 |       7 |       1 |  12.5
        D:9 |    3041 |     918 |  23.2 |      29 |       1 |   3.3
       D:10 |    1993 |    1748 |  46.7 |      16 |       2 |  11.1
       D:11 |    3456 |    4825 |  58.3 |      21 |      11 |  34.4
     Lair:1 |       0 |     753 | 100.0 |       0 |       8 | 100.0
      Orc:1 |    2661 |       0 |   0.0 |      22 |       0 |   0.0
      Orc:2 |    5185 |   14815 |  74.1 |      55 |      57 |  50.9
            +---------+---------+-------+---------+---------+-------
